 Dungeon Crawl Stone Soup version 0.27.1-33-g824d729ab1 (webtiles) character file.

Game seed: 5485393110792012281

222 SensoryNuts the Cudgeller (level 5, -6/53 HPs)
             Began as a Troll Monk on Dec 6, 2021.
             Mangled by Menkaure (10 damage)
             ... on level 4 of the Dungeon.
             The game lasted 00:10:07 (3459 turns).

SensoryNuts the Cudgeller (Troll Monk)              Turns: 3459, Time: 00:10:08

Health: -6/53      AC:  5    Str: 20    XL:     5   Next: 66%
Magic:  4/4        EV: 10    Int:  6    God:
Gold:   142        SH:  0    Dex: 12    Spells: 4/4 levels left

rFire    . . .     SeeInvis .   j - +2 dagger (venom)
rCold    . . .     Faith    .   (no shield)
rNeg     . . .     Spirit   .   b - +1 robe
rPois    .         Reflect  .   (helmet restricted)
rElec    .         Harm     .   (no cloak)
rCorr    .         Rampage  .   (gloves unavailable)
Will     .....                  (boots unavailable)
Stlth    ++........             (no amulet)
HPRegen  1.17/turn              (no ring)
MPRegen  0.09/turn              (no ring)

@: no status effects
A: large, unfitting armour, claws 3, regeneration 1, shaggy fur 1, tough skin 1
a: no special abilities


You were on level 4 of the Dungeon.
You visited 1 branch of the dungeon, and saw 4 of its levels.

You collected 235 gold pieces.
You spent 93 gold pieces at shops.

Inventory:

Hand Weapons
 a - a +0 mace
 c - a +0 hunting sling
 f - a +0 dagger
 g - a +0 dagger
 h - a +0 dagger
 j - a +2 dagger of venom (weapon)
 l - a +3 whip of electrocution
 n - a +1 dagger of venom
 q - a +0 dagger
 r - a +0 short sword
 u - a +0 dagger
 x - a +0 hunting sling
 A - a +0 club
 D - a +0 dagger
 E - a +0 short sword
 F - a +0 dagger
 I - a +0 dagger
 O - a +0 club
 P - a +1 trident of protection
 Q - a +0 hunting sling
Missiles
 d - 38 arrows
 e - 21 bolts
 i - 3 javelins (quivered)
 m - 101 stones
 s - a throwing net
Armour
 b - a +1 robe (worn)
 v - a +0 robe
 C - a +0 leather armour
 G - a +0 leather armour
 H - a +0 ring mail
 L - a +0 ring mail
 N - a +0 ring mail
 R - a +0 leather armour
Jewellery
 y - an amulet of faith
Wands
 k - a wand of flame (21)
Scrolls
 o - 4 scrolls of identify
 w - a scroll of magic mapping
 B - 2 scrolls of noise
 J - a scroll of amnesia
 K - a scroll of summoning
 S - a scroll of enchant armour
 T - a scroll of fog {unknown}
Potions
 p - a potion of lignification
 t - a potion of degeneration {unknown}
 z - 4 potions of curing
 M - a potion of magic {unknown}


   Skills:
 + Level 3.2 Fighting
 + Level 4.3 Maces & Flails
 + Level 3.5 Dodging
 + Level 1.2 Stealth


You had 4 spell levels left.
You didn't know any spells.
Your spell library contained the following spells:

 Spells                   Type           Power      Damage    Failure   Level
 Dazzling Flash           Conj/Hex       0%         N/A       83%         3
 Ozocubu's Armour         Ice            0%         N/A       83%         3
 Iskenderun's Mystic Bla  Conj/Tloc      0%         2d3       99%         4
 Metabolic Englaciation   Hex/Ice        0%         N/A       100%        5
 Simulacrum               Ice/Necr       0%         N/A       100%        6
 Starburst                Conj/Fire      0%         6d3       100%        6


Dungeon Overview and Level Annotations

Branches:
Dungeon (4/15)
 Temple: D:4-7

Altars:

Shops:
D:3 *

Annotations:
D:4 Menkaure


Innate Abilities, Weirdness & Mutations

You are too large for most types of armour.
You have claws for hands.
Your natural rate of healing is unusually fast.
You are covered in fur. (AC +1)
You have tough skin. (AC +1)


Message History

Pain shoots through your body!
You hit Menkaure.
Menkaure is moderately damaged.
Menkaure hits you!
You hit Menkaure.
Menkaure is moderately damaged.
You hit Menkaure.
Menkaure is moderately damaged.
Menkaure closely misses you.
You hit Menkaure.
Menkaure is heavily damaged.
Menkaure mumbles some strange words.
Menkaure seems to speed up.
You closely miss Menkaure.
Menkaure is heavily damaged.
Menkaure hits you.
You barely miss Menkaure.
Menkaure is heavily damaged.
Menkaure barely misses you.
You hit Menkaure but do no damage.
Menkaure is heavily damaged.
Menkaure misses you. Menkaure barely misses you.
You hit Menkaure but do no damage.
Menkaure is heavily damaged.
Menkaure hits you!
You hit Menkaure but do no damage.
Menkaure is heavily damaged.
Menkaure hits you!!
* * * LOW HITPOINT WARNING * * *
You hit Menkaure.
Menkaure is heavily damaged.
Menkaure closely misses you.
You hit Menkaure.
Menkaure is severely damaged.
Menkaure hits you.
* * * LOW HITPOINT WARNING * * *
You hit Menkaure.
Menkaure is almost destroyed.
Menkaure hits you!
You die...

#.# ..### #.. ....##
#..# .....## #..#
......# ##..# ......#
##..# .....## ##.!.#
.....#########....###
..........#.....@M(.#...
.>#..........###........
##...#####....#####.<...
...### ##...# ##.. #..#
##...# . #..## ##...#
##..# #..# #..# ...#
#..## ...


You could see Menkaure (fast).

Vanquished Creatures
  A black bear (D:3)
  Jessica (D:2)
  5 adders
  A worm (D:3)
  3 dart slugs
  9 ball pythons
  3 endoplasms
  2 giant cockroaches
  4 goblins
  2 hobgoblins (D:1)
  4 jackals (D:3)
  8 kobolds
  2 quokkas
  3 bats
  A frilled lizard (D:1)
  4 rats (D:1)
53 creatures vanquished.

Notes
Turn   | Place    | Note
-------+----------+-------------------------------------------
     0 | D:1      | SensoryNuts the Troll Monk began the quest for the Orb.
     0 | D:1      | Reached XP level 1. HP: 22/22 MP: 0/0
   380 | D:1      | Reached XP level 2. HP: 29/29 MP: 1/1
   533 | D:1      | Reached skill level 3 in Maces & Flails
  1174 | D:2      | Reached XP level 3. HP: 29/36 MP: 2/2
  1317 | D:2      | Noticed Jessica
  1333 | D:2      | Killed Jessica
  1334 | D:2      | Reached XP level 4. HP: 22/44 MP: 3/3
  1879 | D:3      | Noticed a black bear
  1886 | D:3      | Killed a black bear
  1887 | D:3      | Reached skill level 4 in Maces & Flails
  1887 | D:3      | Reached XP level 5. HP: 25/53 MP: 4/4
  2561 | D:3      | Found Umni's Assorted Antiques.
  2593 | D:3      | Bought a scroll labelled ASUSIKHLEASS for 31 gold pieces
  2593 | D:3      | Bought a scroll labelled GECKEO VENGO for 31 gold pieces
  2593 | D:3      | Bought a scroll labelled ASUSIKHLEASS for 31 gold pieces
  3441 | D:4      | Noticed Menkaure
  3459 | D:4      | Mangled by Menkaure

Illustrated notes

Levels and vault maps discovered:
D:1:      dpeg_arrival_court, layout_basic, dk_noncrumbling_4, minivault_5,
          minmay_tree_intersection, kennysheep_small_spiral
D:2:      layout_loops_ring, uniq_jessica
D:3:      layout_loops_ring, serial_shops,
          nicolae_shop_temple_entry_statues_fountains
D:4:      layout_cave_pods, uniq_menkaure, uniq_duvessa, uniq_blork_the_orc

Skill      XL: |  1  2  3  4 |
---------------+-------------+-----
Maces & Flails | 3 4 |  4.3
Dodging        | 3 |  3.5
Fighting       | 3 |  3.2
Stealth        | |  1.2

Action                   |  1- 3 |  4- 6 || total
-------------------------+-------+-------++-------
Melee: Mace              |   105 |   102 ||   207
       Dagger            |       |    12 ||    12
  Use: Scroll            |     4 |     3 ||     7
       Potion            |       |     5 ||     5
 Stab: Sleeping          |       |     1 ||     1
Armor: Robe              |    79 |    64 ||   143
Dodge: Dodged            |    89 |    88 ||   177
